Map: New Repugnancy LE

Players

LypoNc

  • Race: Terran Terran
  • Spawn Location: 1:00

playezvibe - Winner!

  • Race: Protoss Protoss
  • League: Bronze
  • Spawn Location: 7:00

VOD

Have the link to the VOD?

Description

Time

  • Played on: June 16, 2019, 6:24 p.m.
  • Length: 24:36
Show
View Real Time Build Order
Export as new Build Order

LypoNc Terran 

Build Orders:  

Get SALT Encoding   

  12  0:06  SCV  
  13  0:38  Supply Depot  
  13  0:42  Refinery, SCV  
  14  0:54  SCV  
  15  1:06  SCV  
  16  1:15  Supply Depot  
  16  1:18  SCV  
  17  1:30  SCV  
  18  1:33  Barracks  
  18  1:51  Refinery  
  18  1:54  SCV  
  19  2:07  SCV  
  20  2:12  Barracks  
  20  2:19  SCV  
  21  2:23  Marine  
  22  2:31  SCV  
  23  2:40  Command Center  
  23  2:41  Marine  
  24  2:58  Marine  
  24  3:01  Orbital Command  
  25  3:16  Marine  
  26  3:29  Factory  
  26  3:34  Marine  
  27  3:52  Barracks Tech Lab, Reaper  
  28  4:08  SCV  
  28  4:09  Refinery  
  29  4:20  Starport, Factory Tech Lab  
  29  4:21  SCV  
  30  4:24  Reaper  
  31  4:33  SCV  
  32  4:45  SCV  
  33  4:56  Reaper  
  33  4:57  SCV  
  35  5:25  Viking  
  37  5:28  Reaper  
  38  5:40  Bunker  
  38  5:54  Viking  
  42  5:57  Marauder  
  42  6:02  SCV  
  43  6:14  SCV  
  43  6:18  Engineering Bay, Marauder  
  46  6:57  Terran Infantry Weapons Level 1  
  46  7:06  Supply Depot  
  46  7:16  Sensor Tower  
  46  7:23  Refinery  
  46  7:28  Marauder, SCV, Viking, Siege Tank  
  54  7:37  Supply Depot  
  54  7:51  Supply Depot  
  54  7:59  Marauder, SCV, Viking  
  54  8:00  Supply Depot, Siege Tank  
  62  8:13  SCV  
  63  8:21  Marauder  
  63  8:25  SCV  
  66  8:29  Viking  
  66  8:32  Siege Tank  
  71  8:37  SCV  
  72  8:51  Hi-Sec Auto Tracking  
  72  9:01  Missile Turret  
  72  9:48  Neosteel Armor  
  72  10:11  Supply Depot  
  72  10:19  Supply Depot  
  72  10:29  Missile Turret  
  72  10:38  Siege Tank  
  72  10:41  Starport Tech Lab  
  75  11:06  Ghost Academy  
  75  11:10  Siege Tank  
  78  11:28  Terran Infantry Armor Level 1  
  78  11:38  Missile Turret  
  78  11:42  Siege Tank  
  78  11:43  Missile Turret  
  78  11:44  Missile Turret  
  81  12:14  Siege Tank  
  84  12:18  Nuke  
  84  12:19  Fusion Core  
  84  12:21  Ghost  
  86  12:40  Bunker  
  86  12:46  Siege Tank  
  86  12:50  Ghost  
  91  13:00  Personal Cloaking  
  91  13:18  Ghost  
  93  13:20  Sensor Tower  
  93  13:58  Missile Turret  
  93  14:01  Marine  
  94  14:20  Supply Depot  
  94  14:24  Missile Turret, Supply Depot  
  94  14:41  Marine, Ghost  
  97  14:59  Marine  
  98  15:02  Supply Depot  
  98  15:04  Battlecruiser  
  104  15:09  Ghost  
  106  15:16  Marine  
  107  15:34  Marine  
  108  15:44  Starport  
  108  15:57  Missile Turret  
  108  16:08  Battlecruiser  
  114  16:17  Siege Tank  
  117  16:56  Command Center  
  117  17:11  Missile Turret  
  117  17:15  Supply Depot  
  117  17:35  Missile Turret  
  117  17:37  Battlecruiser, Refinery, Siege Tank  
  117  17:39  Sensor Tower  
  126  17:46  Missile Turret  
  126  17:50  Ghost Academy  
  126  18:09  Siege Tank  
  125  18:37  Missile Turret  
  125  18:41  Battlecruiser, Siege Tank  
  134  19:13  Siege Tank  
  137  19:30  Refinery  
  137  19:35  Medivac  
  139  19:41  Missile Turret  
  139  19:46  Missile Turret  
  139  19:58  Missile Turret  
  137  20:11  Medivac  
  137  20:12  Battlecruiser  
  59  20:41  Missile Turret, Medivac  
  52  21:04  Siege Tank  
  52  21:11  Medivac  
  57  21:36  Siege Tank  
  54  21:41  Medivac  
  55  21:48  Viking  
  51  22:11  Viking  
  50  22:18  Viking  
  36  22:41  Viking  
  35  22:48  Viking  
  33  23:05  Barracks  
  33  23:10  Viking  
  32  23:40  Viking  
  30  23:51  Engineering Bay  
  29  23:56  Marine  
  29  24:13  Marine  
Show
View Real Time Build Order
Export as new Build Order

playezvibe Protoss - Winner!

Build Orders:  

Get SALT Encoding   

  12  0:11  Pylon  
  12  0:21  Probe  
  13  0:32  Probe  
  13  0:33  Gateway  
  14  0:40  Probe  
  14  0:48  Probe  
  16  0:59  Probe  
  17  1:04  Assimilator  
  17  1:11  Probe  
  18  1:23  Probe  
  19  1:33  Zealot  
  19  1:35  Probe  
  22  1:41  Cybernetics Core  
  22  1:46  Pylon  
  22  1:47  Probe  
  22  1:51  Assimilator  
  23  2:00  Probe  
  23  2:08  Probe  
  25  2:18  Warp Gate  
  25  2:21  Adept  
  27  2:30  Nexus  
  27  2:40  Gateway  
  27  2:45  Gateway  
  27  3:00  Adept  
  29  3:12  Forge  
  29  3:17  Pylon  
  29  3:28  Adept  
  31  3:38  Adept  
  33  3:47  Robotics Facility  
  33  3:51  Twilight Council  
  33  3:53  Stargate  
  33  4:03  Photon Cannon  
  33  4:12  Probe  
  34  4:25  Probe  
  34  4:29  Sentry x2  
  34  4:30  Sentry  
  41  4:37  Probe  
  42  4:43  Pylon  
  42  4:45  Probe  
  43  4:53  Probe  
  44  5:00  Charge  
  44  5:03  Probe  
  44  5:06  Protoss Ground Weapons Level 1  
  45  5:15  Probe  
  46  5:21  Shield Battery  
  46  5:37  Dark Shrine  
  46  5:49  Probe  
  47  5:57  Probe  
  47  6:00  Pylon  
  48  6:06  Probe  
  49  6:12  Robotics Bay  
  49  6:16  Probe  
  49  6:25  Probe  
  51  6:33  Probe  
  51  6:37  Zealot x2  
  51  6:38  Zealot  
  58  6:45  Probe  
  58  6:46  Probe  
  60  6:53  Probe  
  60  6:58  Probe  
  62  7:01  Probe  
  62  7:07  Shield Battery  
  63  7:11  Probe  
  63  7:12  Assimilator  
  64  7:17  Assimilator  
  64  7:23  Probe  
  65  7:31  Fleet Beacon  
  65  7:36  Protoss Ground Armor Level 1  
  65  7:38  Pylon  
  65  7:46  Stalker  
  65  7:47  Stalker  
  69  7:59  Stalker  
  71  8:15  Probe  
  72  8:23  Probe  
  72  8:33  Probe  
  73  8:35  Warp Prism  
  73  8:36  Photon Cannon  
  74  8:45  Probe  
  77  8:57  Probe  
  78  9:05  Pylon  
  78  9:14  Pylon  
  78  9:23  Void Ray  
  82  9:33  Stalker  
  82  9:35  Stalker  
  82  9:36  Stalker  
  88  9:50  Nexus  
  88  10:06  Gateway, Tempest  
  93  10:07  Gateway  
  93  10:10  Gateway  
  93  10:14  Gateway  
  93  10:16  Gateway  
  93  10:18  Gateway  
  93  10:41  Pylon  
  93  10:54  Tempest  
  93  10:55  Mothership  
  106  11:05  Pylon  
  106  11:28  Pylon  
  106  11:31  Tempest  
  106  11:32  Pylon  
  106  11:36  Pylon x2  
  111  11:46  Pylon  
  111  11:49  Pylon  
  111  11:51  Assimilator  
  111  11:56  Assimilator  
  111  11:59  Colossus  
  111  12:09  Tempest  
  111  12:11  Extended Thermal Lance  
  122  12:34  Shield Battery  
  122  12:38  Shield Battery  
  122  12:44  Stargate  
  122  12:52  Tempest  
  122  12:53  Colossus  
  133  13:02  Protoss Air Weapons Level 1  
  133  13:04  Protoss Shields Level 1  
  133  13:06  Zealot x2  
  133  13:08  Zealot x4  
  133  13:09  Zealot x3  
  151  13:17  Photon Cannon  
  151  13:27  Tempest  
  156  13:46  Colossus  
  162  14:10  Tempest  
  167  14:23  Pylon  
  167  14:27  Pylon  
  167  14:30  Pylon  
  167  14:37  Forge  
  167  14:40  Colossus  
  167  14:42  Pylon  
  167  14:44  Pylon  
  173  14:47  Pylon  
  173  14:50  Pylon  
  173  14:52  Tempest  
  173  14:58  Robotics Facility  
  178  15:00  Pylon  
  178  15:32  Colossus  
  178  15:33  Tempest  
  189  15:44  Protoss Air Armor Level 1, Immortal  
  189  15:49  Protoss Ground Weapons Level 2  
  189  15:51  Cybernetics Core  
  189  15:53  Protoss Ground Armor Level 2  
  193  16:08  Tempest  
  198  16:19  Observer  
  199  16:56  Observer  
  200  17:26  Pylon  
  200  17:40  Protoss Air Weapons Level 2  
  200  19:07  Protoss Ground Armor Level 3  
  200  19:08  Protoss Air Armor Level 2  
  200  19:09  Protoss Ground Weapons Level 3  
  107  20:56  Dark Templar  
  107  20:57  Dark Templar x5  
  111  20:58  Dark Templar x3  
  125  21:14  Immortal  
  129  21:51  Archon x4  
  129  21:53  Immortal  
  133  22:25  Dark Templar x2  
  133  22:26  Dark Templar x4  
  133  22:27  Dark Templar x3  
  151  22:30  Archon x2  
  151  22:31  Archon x2  
  151  22:32  Immortal  
  155  22:38  Archon  
  155  23:02  Immortal  
  155  23:04  Tempest  
  164  23:41  Immortal  
  168  23:47  Tempest  
Tags
 
Add a new tag
Caveats
  • Supply blocks, unpowered buildings, or Contaminate may cause inaccurate times.
  • Supply counts are checked every 10 seconds.